 Dungeon Crawl Stone Soup version 0.18-a0-1637-g109f206 (webtiles) character file.

59 miau the Conjurer (level 3, -4/15 HPs)
             Began as a Felid Conjurer on Mar 26, 2016.
             Slain by a worm (11 damage)
             ... on level 3 of the Dungeon.
             The game lasted 00:11:03 (2315 turns).

miau the Conjurer (Felid Conjurer)                  Turns: 2315, Time: 00:11:04

Health: -4/15      AC:  1    Str:  5    XL:     3   Next: 78%
Magic:  3/7        EV: 18    Int: 16    God:
Gold:   75         SH:  0    Dex: 16    Spells: 2 memorised, 3 levels left
                                        Lives:  0   Deaths: 0

rFire  . . .     SeeInvis +     (weapon unavailable)
rCold  . . .     Gourm    .     (armour unavailable)
rNeg   . . .     Faith    .     (shield unavailable)
rPois  .         Spirit   .     (helmet unavailable)
rElec  .         Dismiss  .     (cloak unavailable)
rCorr  .         Reflect  .     (gloves unavailable)
SustAt .         Harm     .     (boots unavailable)
MR     .....                    (no amulet)
Stlth  +++.......               (no ring)
                                (no ring)

@: quick, not resistant to hostile enchantments, fairly stealthy
A: no armour, no weapons or thrown items, claws 1, fangs 3, see invisible,
carnivore 3, speed 1, shaggy fur 1, slow metabolism 1, sharp paws
a: no special abilities


You were on level 3 of the Dungeon.
You were completely stuffed.

You visited 1 branch of the dungeon, and saw 3 of its levels.

You collected 75 gold pieces.

Inventory:

Wands
 h - a wand of flame (29/48)
 i - a wand of flame (19/48)
Scrolls
 c - a scroll of blinking
 d - 5 scrolls of identify
Potions
 e - a potion of flight
 g - a potion of curing
Books
 a - a book of Conjurations

   Spells                             Type                      Level
   a - Magic Dart                     Conjuration                  1
   b - Searing Ray                    Conjuration                  2
   c - Dazzling Spray                 Conjuration/Hexes            3
   d - Fulminant Prism                Conjuration/Hexes            4
   e - Iskenderun's Mystic Blast      Conjuration                  4
   f - Iskenderun's Battlesphere      Conjuration/Charms           5
Comestibles
 b - a meat ration


   Skills:
 * Level 1.6 Fighting
 + Level 2.8 Dodging
 + Level 2.9 Stealth
 + Level 2.1 Spellcasting
 + Level 4.4 Conjurations


You had 3 spell levels left.
You knew the following spells:

 Your Spells              Type           Power        Failure   Level  Hunger
a - Searing Ray           Conj           ###...       6%          2    ###....
z - Magic Dart            Conj           ###.         3%          1    #......


Dungeon Overview and Level Annotations

Branches:
Dungeon (3/15)

Altars:
Dithmenos
Fedhas

Annotations:
D:3 Sigmund


Innate Abilities, Weirdness & Mutations

You cannot wear armour.
You are incapable of wielding weapons or throwing items.
You have sharp claws.
You have razor-sharp teeth.
You have supernaturally acute eyesight.
You are carnivorous and can eat meat at any time.
You cover ground quickly.
You are covered in fur (AC +1).
You have a slow metabolism.
Your sharp claws are effective at attacking unaware monsters.


Message History

The worm is moderately wounded.
Casting: Magic Dart
Confirm with . or Enter, or press ? or * to list all spells.
Aiming: Magic Dart
Press: ? - help, Shift-Dir - straight line, f/p - worm
Aim: a worm (moderately wounded)
The magic dart hits the worm.
The worm is moderately wounded.
Casting: Magic Dart
Confirm with . or Enter, or press ? or * to list all spells.
Aiming: Magic Dart
Press: ? - help, Shift-Dir - straight line, f/p - worm
Aim: a worm (moderately wounded)
The magic dart hits the worm.
The worm is heavily wounded.
The worm bites you!
Ouch! That really hurt!
The worm bites you!
Ouch! That really hurt!
You die...

#. .. # ####.###.
#........ #.#...#
#.#$####<.#.#
#...†...w#..##.#.
#.#......@.......
########.#.####
..## .## #. #


You could see a worm.

Vanquished Creatures
  An adder (D:3)
  A worm (D:2)
  A dart slug (D:1)
  2 giant geckos
  An orc (D:3)
  3 bats
  A giant cockroach (D:1)
  7 goblins
  9 hobgoblins
  A quokka (D:2)
  2 giant newts (D:2)
  4 kobolds
  4 rats
37 creatures vanquished.

Notes
Turn   | Place    | Note
--------------------------------------------------------------
     0 | D:1      | miau the Felid Conjurer began the quest for the Orb.
     0 | D:1      | Reached XP level 1. HP: 7/7 MP: 4/4
   370 | D:1      | Reached XP level 2. HP: 12/12 MP: 1/6
   383 | D:1      | Reached skill level 4 in Conjurations
   819 | D:1      | Reached skill level 1 in Fighting
  1102 | D:2      | Found a shadowy altar of Dithmenos.
  1185 | D:2      | Reached XP level 3. HP: 15/15 MP: 4/7
  1273 | D:2      | Found a blossoming altar of Fedhas.
  2093 | D:3      | Learned a level 2 spell: Searing Ray
  2111 | D:3      | Noticed Sigmund
  2315 | D:3      | Slain by a worm

Vault maps used:
D:1:      zelgadis_glass_arrival_small
D:2:      lemuel_doored_altar, first_bread, fedhas_altar_3
D:3:      st_stairs_13, uniq_sigmund

Skill      XL: |  1  2 |
---------------+-------+-----
Conjurations   | 4 |  4.4
Fighting       | 1 |  1.6
Dodging        | |  2.8
Stealth        | |  2.9
Spellcasting   | |  2.1

Action                   || total
-------------------------++-------
Melee: Unarmed           ||     4
 Cast: Magic Dart        ||    97
  Use: Potion            ||     4
       Scroll            ||     5
  Eat: Chunk             ||    11
